Map: Dusk Towers

Players

xKawaiian - Winner!

  • Race: Terran Terran
  • League: Master

Gayguy

  • Race: Protoss Protoss
  • League: Master

VOD

Have the link to the VOD?

Description

Time

  • Played on: Jan. 15, 2016, 2:30 a.m.
  • Length: 2:21
Show
View Real Time Build Order
Export as new Build Order

xKawaiian Terran - Winner!

Build Orders: Reaper Expand 

Get SALT Encoding   

  12  0:00  SCV  
  13  0:13  SCV  
  14  0:17  Supply Depot  
  14  0:25  SCV  
  15  0:39  SCV  
  15  0:41  Barracks  
  16  0:46  Refinery  
  16  0:51  SCV  
  17  1:03  SCV  
  18  1:15  SCV  
  19  1:28  Orbital Command  
  19  1:29  Reaper  
  20  1:40  Command Center  
  21  1:54  SCV  
  21  2:02  Barracks Reactor  
  21  2:03  Supply Depot  
  21  2:06  SCV  
  23  2:20  Barracks  
Show
View Real Time Build Order
Export as new Build Order

Gayguy Protoss 

Build Orders: Nexus First 

Get SALT Encoding   

  12  0:01  Probe (Chrono Boost)  
  13  0:11  Probe (Chrono Boost)  
  14  0:17  Pylon  
  14  0:22  Probe (Chrono Boost)  
  15  0:36  Probe (Chrono Boost)  
  16  0:46  Probe (Chrono Boost)  
  17  0:57  Nexus  
  17  1:02  Probe (Chrono Boost)  
  18  1:13  Gateway  
  18  1:14  Probe (Chrono Boost)  
  19  1:20  Assimilator  
  19  1:25  Probe (Chrono Boost)  
  20  1:28  Assimilator  
  20  1:35  Probe (Chrono Boost)  
  21  1:43  Gateway  
  21  1:46  Probe (Chrono Boost)  
  22  1:56  Probe (Chrono Boost)  
  23  2:09  Probe x2 (Chrono Boost)  
  24  2:20  Cybernetics Core  
Tags
 
Add a new tag
Caveats
  • Supply blocks, unpowered buildings, or Contaminate may cause inaccurate times.
  • Supply counts are checked every 10 seconds.